 Dungeon Crawl Stone Soup version 0.18.1-48-g4cf74bf (webtiles) character file.

191 Ratgod the Basher (level 5, 0/54 HPs)
             Began as an Ogre Berserker on July 18, 2016.
             Was a Priest of Trog.
             Succumbed to a kobold's poison
             ... on level 3 of the Dungeon.
             The game lasted 00:07:47 (3587 turns).

Ratgod the Basher (Ogre Berserker)                  Turns: 3587, Time: 00:07:48

Health: 0/54       AC:  3    Str: 22    XL:     5   Next: 70%
Magic:  5/5        EV: 10    Int:  6    God:    Trog [***...]
Gold:   187        SH:  0    Dex: 10    Spells: 0 memorised, 4 levels left

rFire  . . .     SeeInvis .     i - +0 whip
rCold  . . .     Gourm    .     b - +0 animal skin
rNeg   . . .     Faith    .     (no shield)
rPois  .         Spirit   .     (helmet restricted)
rElec  .         Dismiss  .     (no cloak)
rCorr  .         Reflect  .     (gloves unavailable)
SustAt .         Harm     .     (boots unavailable)
MR     ++...     Rnd*Tele +     (no amulet)
Stlth  +.........               n - ring of teleportation (curse)
                                (no ring)

@: lethally poisoned (0 -> -1), exhausted, very slightly contaminated,
regenerating, hasted and slowed, very resistant to hostile enchantments, very
unstealthy
A: unfitting armour, tough skin 1
a: Berserk, Trog's Hand, Burn Spellbooks, Renounce Religion


You were on level 3 of the Dungeon.
You worshipped Trog.
Trog was most pleased with you.
You were very hungry.

You visited 1 branch of the dungeon, and saw 3 of its levels.

You collected 187 gold pieces.

Inventory:

Hand Weapons
 a - a +0 mace
 i - a +0 whip (weapon)
Missiles
 p - 6 tomahawks of returning (quivered)
Armour
 b - a +0 animal skin (worn)
 o - a +0 large shield
Jewellery
 l - an uncursed ring of wizardry
 n - a cursed ring of teleportation (right hand)
Wands
 r - a wand of polymorph (14/24)
Scrolls
 d - 2 scrolls of remove curse
 e - a scroll of teleportation
Potions
 h - a potion of degeneration
 m - 2 potions of lignification
Comestibles
 c - 3 bread rations
 q - 2 beef jerkies


   Skills:
 - Level 4.0 Fighting
 + Level 8.2 Maces & Flails
 - Level 2.6 Dodging


You had 4 spell levels left.
You didn't know any spells.

Dungeon Overview and Level Annotations

Branches:
Dungeon (3/15)

Altars:
Cheibriados
Yredelemnul


Innate Abilities, Weirdness & Mutations

You are too large for most types of armour.
You have tough skin (AC +1).


Message History

You feel resistant to hostile enchantments.
You feel slightly more hungry.
You feel sick. The kobold misses you.
You barely miss the kobold.
You feel sick.
The kobold hits you with an uncursed short sword.
* * * LOW HITPOINT WARNING * * *
You barely miss the kobold.
You feel sick.
You hit the kobold.
The kobold is severely wounded.
You feel sick.
The kobold hits you with an uncursed short sword.
* * * LOW HITPOINT WARNING * * *
You whack the kobold!
You kill the kobold!
Trog accepts your kill.
* * * LOW HITPOINT WARNING * * *
You feel sick.
Your skin crawls.
You feel resistant to hostile enchantments.
You are feeling very hungry.
You die...

#####............####
#............##.....#
..#####.....<.##..... .#
#.........### #
.#######........(.#.##
)...()....###..().#..##.
....####<.......).......
###.......###...()..#.#.
####..###.......@.#.....
....>.....#####.)....##.
..............###.......
.###..........#.........
.....#..........###.....
..####........#.(...#...
.## #........#####!....
## #........# #...
#........# #


There were no monsters in sight!

Vanquished Creatures
  A worker ant (D:2)
  4 gnolls (D:3)
  4 adders
  An ooze (D:2)
  3 worms (D:2)
  2 dart slugs (D:2)
  3 giant geckos
  9 bats
  4 giant cockroaches
  5 goblins
  8 hobgoblins
  7 jackals
  11 kobolds
  A ball python (D:2)
  3 giant newts
  7 rats
73 creatures vanquished.

Notes
Turn   | Place    | Note
--------------------------------------------------------------
     0 | D:1      | Ratgod the Ogre Berserker began the quest for the Orb.
     0 | D:1      | Reached XP level 1. HP: 24/24 MP: 1/1
   155 | D:1      | Reached XP level 2. HP: 27/32 MP: 2/2
   351 | D:1      | Reached skill level 5 in Maces & Flails
   685 | D:1      | You fall through a shaft!
   707 | D:2      | Reached XP level 3. HP: 36/39 MP: 3/3
   724 | D:2      | Reached ** piety under Trog
   862 | D:3      | Found a snail-covered altar of Cheibriados.
   866 | D:3      | Reached skill level 6 in Maces & Flails
  1150 | D:3      | Reached XP level 4. HP: 48/48 MP: 4/4
  1226 | D:2      | Reached skill level 7 in Maces & Flails
  1497 | D:2      | Reached XP level 5. HP: 54/54 MP: 5/5
  1682 | D:2      | Found a basalt altar of Yredelemnul.
  2057 | D:2      | Reached *** piety under Trog
  2905 | D:1      | Reached skill level 8 in Maces & Flails
  3585 | D:3      | HP: 1/54 [kobold/uncursed short sword (4)]
  3587 | D:3      | Succumbed to a kobold's poison

Skill      XL: |  1  2  3  4  5 |
---------------+----------------+-----
Maces & Flails | 5 6 7 8 |  8.2
Fighting       | |  4.0
Dodging        | |  2.6

Action                   |  1- 3 |  4- 6 || total
-------------------------+-------+-------++-------
Melee: Mace              |    46 |       ||    46
       Whip              |    45 |   173 ||   218
Invok: Berserk           |     3 |     5 ||     8
       Trog's Hand       |       |     2 ||     2
  Use: Scroll            |       |     6 ||     6
       Potion            |       |     1 ||     1
 Stab: Sleeping          |     1 |       ||     1
  Eat: Chunk             |     3 |    13 ||    16
Armor: Animal skin       |    32 |    47 ||    79
Dodge: Dodged            |    49 |    84 ||   133
